 Dungeon Crawl Stone Soup version 0.28.0-1-gb440e238dd (webtiles) character file.

Game seed: 3283018943958798317

138 a3don the Sneak (level 5, 0/33 HPs)
             Began as an Octopode Hedge Wizard on Feb 22, 2022.
             Slain by a kobold (3 damage)
             ... on level 3 of the Dungeon.
             The game lasted 00:04:11 (3520 turns).

a3don the Sneak (Octopode Hedge Wizard)             Turns: 3520, Time: 00:04:12

Health: 0/33       AC:  1    Str:  9    XL:     5   Next: 21%
Magic:  9/10       EV: 13    Int: 19    God:
Gold:   75         SH:  0    Dex: 11    Spells: 4/10 levels left

rFire   . . .      SeeInvis .   k - +1 flail (holy)
rCold   . . .      Faith    .   (no shield)
rNeg    . . .      Spirit   .   b - +0 hat
rPois   .          Reflect  .   (no amulet)
rElec   .          Harm     .   (no ring)
rCorr   .          Rampage  .   (no ring)
Will    .....                   (no ring)
Stlth   +++.......              (no ring)
HPRegen 0.11/turn               (no ring)
MPRegen 0.12/turn               (no ring)
                                (no ring)
                                (no ring)

@: no status effects
A: almost no armour, amphibious, 8 rings, camouflage 1, gelatinous body 1,
(nimble swimmer 1), tentacles
a: no special abilities


You were on level 3 of the Dungeon.
You visited 1 branch of the dungeon, and saw 3 of its levels.

You collected 75 gold pieces.

Inventory:

Hand Weapons
 a - a +0 dagger
 c - a +0 flail
 k - a +1 flail of holy wrath (weapon)
Missiles
 e - 4 poisoned darts
Armour
 b - a +0 hat (worn)
Jewellery
 g - a ring of positive energy
Scrolls
 d - 3 scrolls of immolation {unknown}
 f - 4 scrolls of identify {unknown}
 l - a scroll of noise {unknown}
Potions
 h - a potion of might {unknown}
 i - a potion of flight {unknown}
 j - a potion of mutation {unknown}


   Skills:
 + Level 1.1 Fighting
 + Level 2.6 Dodging
 + Level 3.6 Stealth
 + Level 3.4 Spellcasting
 + Level 2.0 Conjurations
 + Level 2.0 Summonings
 + Level 2.0 Translocations
 + Level 0.0 Air Magic
 + Level 0.0 Poison Magic


You had 4 spell levels left.
You knew the following spells:

 Your Spells              Type           Power      Damage    Failure   Level
a - Magic Dart            Conj           44%        1d5       6%          1
b - Blink                 Tloc           22%        N/A       10%         2
c - Call Imp              Summ           10%        N/A       10%         2
d - Slow                  Hex            12%        N/A       14%         1

Your spell library contained the following spells:

 Spells                   Type           Power      Damage    Failure   Level
 Call Canine Familiar     Summ           10%        N/A       19%         3
 Conjure Flame            Conj/Fire      7%         6-21      28%         3
 Portal Projectile        Hex/Tloc       14%        N/A       28%         3
 Mephitic Cloud           Conj/Pois/Air  5%         N/A       32%         3
 Leda's Liquefaction      Hex/Erth       1%         N/A       82%         4


Dungeon Overview and Level Annotations

Branches:
Dungeon (3/15)

Altars:


Innate Abilities, Weirdness & Mutations

You cannot wear most types of armour.
You are amphibious.
You can wear up to eight rings at the same time.
Your skin changes colour to match your surroundings (Stealth+).
Your rubbery body absorbs attacks. (AC +1, EV +1)
((You are camouflaged when in or above water. (Stealth+)))
You have tentacles for arms and can constrict up to eight enemies at once.


Message History

Your crimson imp disappears in a puff of smoke!
HP restored.
You now have 75 gold pieces (gained 4).
A kobold comes into view. It is wielding a +0 dagger.
A goblin comes into view.
It is wielding a +0 dagger of electrocution.
The goblin moves out of view.
Casting: Call Imp (safe; 10% risk of failure)
Confirm with . or Enter, or press ? or * to list all spells.
A beastly little devil appears in a puff of flame.
The kobold shouts!
The kobold throws a stone.
The stone barely misses you.
Press: ? - help, v - describe, . - travel The floor.
There are monsters nearby!
Press: ? - help, v - describe, . - travel The floor.
Your crimson imp closely misses the kobold.
Unknown command.
Press: ? - help, v - describe, . - travel The floor.
Press: ? - help, v - describe, . - travel
Here: a goblin, wielding a +0 dagger of electrocution The floor.
You barely miss the goblin. Your grab misses the goblin.
Your squeeze misses the goblin.
The goblin hits you with a +0 dagger of electrocution.
You are electrocuted!
The kobold hits you with a +0 dagger.
The goblin hits you with a +0 dagger of electrocution.
Your crimson imp barely misses the kobold.
You completely miss the goblin. You grab the goblin. You squeeze the goblin.
The goblin is moderately wounded.
You constrict the goblin. The kobold hits you but does no damage.
The goblin hits you with a +0 dagger of electrocution.
You are electrocuted!
* * * LOW HITPOINT WARNING * * *
Your crimson imp blinks!
You hit the goblin.
You kill the goblin!
The kobold hits you with a +0 dagger.
You die...

#####.........#
..............#
.5...........
...........#
#.#...?.....#
#.#.........# #
#.#.ยง.# #. #.#.K)# #
.. .####.#..@#.# ..
..##.......# #. .
#.##.##.##.#
....###.##.......####
#.......#........# #
#.##.#.###........
#.##.##.##.#.....#...
#.......# .......#..#
####.#### ######## .


You could see a kobold (ally target) and a friendly crimson imp (summoned).

Vanquished Creatures
  Natasha (D:2)
  Terence (D:2)
  A gnoll (D:1)
  2 worms
  A bat (D:2)
  An endoplasm (D:2)
  3 goblins
  2 hobgoblins
  A quokka (D:1)
  4 ball pythons
  5 rats
22 creatures vanquished.

Vanquished Creatures (collateral kills)
  Natasha (twice) (D:2)
  A dart slug (D:2)
  2 ball pythons (D:2)
  A bat (D:2)
  A frilled lizard (D:2)
  A kobold (D:2)
8 creatures vanquished.

Grand Total: 30 creatures vanquished

Notes
Turn   | Place    | Note
-------+----------+-------------------------------------------
     0 | D:1      | a3don the Octopode Hedge Wizard began the quest for the
                  | Orb.
     0 | D:1      | Reached XP level 1. HP: 11/11 MP: 4/4
    58 | D:1      | Reached XP level 2. HP: 4/17 MP: 1/6
  1238 | D:2      | Learned a level 2 spell: Blink
  1241 | D:2      | Learned a level 2 spell: Call Imp
  1243 | D:2      | Learned a level 1 spell: Slow
  1319 | D:2      | Reached XP level 3. HP: 4/21 MP: 3/7
  1890 | D:2      | Noticed Natasha
  1898 | D:2      | Killed Natasha
  2027 | D:2      | Reached XP level 4. HP: 16/27 MP: 8/8
  2305 | D:2      | Noticed Terence
  2318 | D:2      | Killed Terence
  2597 | D:2      | Noticed Natasha
  2604 | D:2      | Killed Natasha
  2605 | D:2      | Reached skill level 1 in Fighting
  3068 | D:2      | Noticed Natasha
  3075 | D:2      | Killed Natasha
  3076 | D:2      | Reached XP level 5. HP: 33/33 MP: 5/10
  3520 | D:3      | Slain by a kobold

Illustrated notes

Levels and vault maps discovered:
D:1:      dpeg_arrival_rooms_b, layout_loops_ring, minmay_misc_feat_tiny,
          chequers_decorated_corner, skrybe_limestone_x, corner_web_ring
D:2:      layout_basic, uniq_terence, uniq_crazy_yiuf_cottage, uniq_natasha
D:3:      layout_loops_cross, serial_shops, shop, st_stairs_5

Skill      XL: |  1  2  3  4 |
---------------+-------------+-----
Stealth        | 3 |  3.6
Fighting       | 1 |  1.1
Translocations | 2 |  2.0
Conjurations   | 2 |  2.0
Summonings     | 2 |  2.0
Dodging        | |  2.6
Spellcasting   | |  3.4

Action                   |  1- 3 |  4- 6 || total
-------------------------+-------+-------++-------
Melee: Dagger            |    24 |     7 ||    31
       Constrict         |     7 |     6 ||    13
       Punch             |     1 |     1 ||     2
       Tentacles         |     4 |     5 ||     9
       Flail             |       |    12 ||    12
 Cast: Magic Dart        |    27 |     2 ||    29
       Call Imp          |     4 |     6 ||    10
       Blink             |     1 |       ||     1
       Slow              |     1 |     1 ||     2
 Stab: Sleeping          |     2 |     1 ||     3
       Distracted        |       |     1 ||     1
Armor: Skin              |     4 |     1 ||     5
Dodge: Dodged            |    23 |     8 ||    31
